Map: 环轨星港

Players

shengy

  • Race: Zerg Zerg
  • League: Gold

Edicted - Winner!

  • Race: Zerg Zerg
  • League: Gold

VOD

Have the link to the VOD?

Description

Time

  • Played on: Nov. 27, 2015, 12:11 a.m.
  • Length: 11:14
Show
View Real Time Build Order
Export as new Build Order

shengy Zerg 

Build Orders: Pool First 

Get SALT Encoding   

  12  0:01  Drone  
  13  0:09  Drone  
  14  0:17  Overlord  
  14  0:24  Extractor  
  14  0:25  Drone  
  15  0:35  Drone  
  16  0:36  Drone  
  17  0:45  Drone  
  18  0:50  Spawning Pool  
  18  0:55  Drone  
  18  1:05  Drone  
  19  1:19  Hatchery  
  18  1:27  Drone, Extractor  
  18  1:28  Drone  
  19  1:37  Queen  
  21  1:41  Overlord  
  21  1:50  Drone  
  22  2:01  Zergling x2  
  23  2:13  Drone  
  24  2:15  Queen  
  24  2:22  Drone  
  27  2:31  Zergling x2  
  27  2:32  Zergling x2  
  28  2:40  Extractor  
  27  2:45  Zergling x4  
  27  2:46  Zergling x6  
  27  2:47  Metabolic Boost  
  32  2:52  Queen  
  34  3:07  Roach Warren, Lair  
  34  3:08  Drone  
  34  3:09  Drone  
  35  3:17  Overlord  
  35  3:18  Drone  
  36  3:24  Overlord  
  36  3:44  Drone  
  36  3:45  Extractor, Drone x5  
  36  3:46  Drone  
  42  4:03  Drone  
  42  4:04  Drone  
  42  4:05  Overlord x2  
  44  4:13  Evolution Chamber  
  43  4:19  Overlord  
  43  4:20  Drone  
  44  4:27  Glial Reconstitution  
  44  4:41  Overlord  
  44  4:42  Drone x2  
  46  4:46  Hatchery  
  46  4:47  Drone  
  46  4:55  Drone x4  
  46  4:56  Drone  
  51  5:10  Drone x3  
  54  5:16  Extractor  
  54  5:19  Zerg Missile Weapons Level 1  
  53  5:29  Overlord x2  
  53  5:30  Overlord  
  53  5:37  Drone  
  53  5:39  Roach x2  
  53  5:40  Roach x2  
  62  5:43  Burrow, Roach  
  62  5:44  Roach  
  68  5:50  Roach x2  
  68  5:56  Overseer  
  70  6:03  Roach  
  70  6:04  Roach x4  
  80  6:11  Overlord  
  80  6:14  Extractor  
  80  6:18  Hydralisk Den, Drone x3  
  82  6:19  Overlord  
  81  6:35  Hatchery, Drone x2  
  81  6:36  Drone  
  82  6:40  Roach x2  
  82  6:46  Roach x2  
  90  6:57  Roach  
  90  6:58  Roach x4  
  100  7:05  Roach  
  100  7:06  Roach x2  
  106  7:09  Muscular Augments  
  106  7:11  Drone  
  106  7:12  Drone  
  109  7:15  Drone  
  109  7:16  Extractor  
  109  7:22  Drone x2  
  110  7:24  Drone  
  110  7:27  Roach  
  113  7:31  Zerg Missile Weapons Level 2  
  113  7:37  Evolution Chamber, Overlord x2  
  113  7:44  Drone  
  113  7:47  Drone x2  
  113  7:48  Drone x3  
  118  8:07  Queen  
  120  8:16  Hydralisk x3  
  120  8:19  Overlord x4  
  126  8:24  Ravager  
  126  8:26  Overlord x2  
  127  8:41  Hydralisk x7  
  127  8:42  Hydralisk x2  
  145  9:00  Overlord x2  
  145  9:01  Hydralisk  
  145  9:02  Extractor  
  146  9:04  Drone  
  146  9:05  Drone x2  
  149  9:15  Infestation Pit  
  148  9:22  Hatchery  
  148  9:23  Extractor x2  
  145  9:25  Drone x3  
  145  9:26  Drone x2  
  124  9:42  Roach x3  
  124  9:43  Roach x7  
  69  10:20  Roach  
  67  10:21  Roach x6  
  67  10:22  Roach x9  
  67  10:23  Roach x2  
  78  10:36  Zergling x8  
  78  10:37  Zergling x2  
  78  10:41  Roach x12  
  82  10:44  Roach x10  
  82  10:47  Roach x8  
  82  10:48  Roach x8  
  73  10:50  Zergling x12  
  73  10:51  Zergling x4  
Show
View Real Time Build Order
Export as new Build Order

Edicted Zerg - Winner!

Build Orders: Pool First 

Get SALT Encoding   

  12  0:01  Drone  
  13  0:09  Drone  
  14  0:17  Overlord  
  14  0:35  Spawning Pool  
  13  0:36  Drone  
  13  0:40  Drone  
  15  0:44  Drone  
  16  0:50  Drone  
  16  0:52  Extractor  
  16  1:02  Drone  
  17  1:17  Hatchery  
  16  1:24  Queen  
  18  1:29  Drone  
  18  1:32  Drone  
  20  1:37  Zergling x2  
  21  1:45  Overlord  
  21  1:59  Drone  
  22  2:03  Overlord  
  22  2:07  Queen  
  24  2:21  Roach Warren  
  23  2:23  Drone  
  23  2:40  Drone x5  
  28  2:56  Overlord  
  28  3:04  Drone  
  29  3:06  Roach x3  
  35  3:24  Roach x5  
  35  3:25  Roach  
  47  3:32  Roach  
  49  3:45  Overlord, Roach  
  49  3:47  Drone  
  52  4:03  Overlord  
  52  4:06  Drone  
  52  4:07  Drone x4, Overlord  
  52  4:08  Overlord  
  52  4:09  Drone  
  58  4:20  Roach  
  58  4:21  Overlord  
  60  4:25  Drone x2  
  62  4:33  Lair  
  62  4:34  Extractor  
  62  4:35  Queen  
  62  4:37  Drone x3  
  66  4:42  Extractor, Drone  
  66  5:05  Drone x3  
  66  5:06  Drone x3  
  72  5:08  Extractor  
  72  5:09  Drone x3  
  74  5:23  Roach  
  74  5:24  Roach x3  
  82  5:36  Evolution Chamber x2  
  82  5:41  Hydralisk Den  
  79  5:53  Roach x6  
  91  6:17  Hatchery  
  90  6:19  Drone x2  
  90  6:22  Overlord  
  90  6:23  Zerg Missile Weapons Level 1, Zerg Ground Armor Level 1  
  90  6:25  Metabolic Boost  
  92  6:26  Overlord  
  92  6:27  Overlord x2  
  92  6:38  Extractor  
  91  6:44  Drone, Extractor  
  91  6:45  Drone x5  
  96  6:51  Hydralisk  
  98  6:55  Drone  
  98  6:58  Pneumatized Carapace  
  99  7:02  Hydralisk x2  
  99  7:03  Zergling x2  
  104  7:10  Spore Crawler  
  103  7:17  Spore Crawler  
  103  7:18  Drone  
  103  7:27  Drone x4  
  103  7:28  Drone  
  108  7:30  Hydralisk  
  108  7:31  Hydralisk x3  
  108  7:34  Spore Crawler  
  115  7:38  Spore Crawler  
  115  7:39  Glial Reconstitution  
  115  7:51  Drone x4  
  115  7:52  Drone x3  
  121  8:14  Roach  
  121  8:15  Hydralisk, Roach x2  
  121  8:17  Overlord x3  
  129  8:28  Drone  
  129  8:29  Overlord x2  
  129  8:30  Overlord x3  
  129  8:32  Zerg Ground Armor Level 2, Zerg Missile Weapons Level 2  
  130  8:53  Overlord  
  130  8:55  Hydralisk x9  
  132  8:56  Hydralisk x2  
  132  8:57  Zergling x6  
  155  9:12  Roach x3  
  155  9:13  Roach x2  
  165  9:19  Roach x4  
  146  9:41  Roach  
  146  9:42  Roach x8  
  155  9:52  Roach x8  
  135  10:00  Roach  
  135  10:01  Roach x3  
  129  10:23  Roach  
  129  10:24  Roach x5  
  141  10:39  Roach x5  
Tags
 
Add a new tag
Caveats
  • Supply blocks, unpowered buildings, or Contaminate may cause inaccurate times.
  • Supply counts are checked every 10 seconds.